 Dungeon Crawl Stone Soup version 0.16-a0-1858-gba9b1e2 (webtiles) character file.

19 RobertPalmer the Insei (level 2, 0/21 HPs)
             Began as a Demonspawn Transmuter on Nov 4, 2014.
             Succumbed to an adder's poison
             ... on level 1 of the Dungeon.
             The game lasted 00:02:25 (1391 turns).

RobertPalmer the Insei (Demonspawn Transmuter)      Turns: 1391, Time: 00:02:25

Health: 0/21       AC:  2    Str: 10    XL:     2   Next: 55%
Magic:  3/4        EV: 12    Int: 14    God:
Gold:   35         SH:  0    Dex: 13    Spells: 1 memorised, 4 levels left

rFire  . . .     SeeInvis .       - Unarmed
rCold  . . .     Clarity  .     c - +0 robe
rNeg   . . .     SustAb   .     (no shield)
rPois  .         Gourm    .     (helmet restricted)
rElec  .         Spirit   .     (no cloak)
rCorr  .         Warding  .     (no gloves)
rMut   .         Stasis   .     (no boots)
MR     .....                    (no amulet)
Stlth  +.........               (no ring)
                                (no ring)

@: lethally poisoned, appendage, not resistant to hostile enchantments, very
unstealthy
A: horns 2, talons 1
a: End Transformation


You were on level 1 of the Dungeon.
You were not hungry.
You had grown temporary horns.
You visited 1 branch of the dungeon, and saw 2 of its levels.

You collected 35 gold pieces.


Innate Abilities, Weirdness & Mutations

You have sharp toenails.
You have a pair of horns on your head.


   Skills:
 - Level 1.0 Fighting
 - Level 1.7 Dodging
 + Level 3.5 Unarmed Combat
 - Level 2.0 Spellcasting
 - Level 1.7 Transmutations


You had 4 spell levels left.
You knew the following spells:

 Your Spells              Type           Power        Failure   Level  Hunger
z - Beastly Appendage     Trmt           #.....       14%         1    ##.....

Inventory:

Missiles
 b - 31 arrows
 i - 22 poisoned arrows
Armour
 c - a +0 robe (worn)
Jewellery
 f - an uncursed ring of sustain abilities {unknown}
Scrolls
 g - 2 scrolls of identify {unknown}
 h - 2 scrolls of immolation {unknown}
 j - a scroll of remove curse {unknown}
 k - a scroll of enchant armour {unknown}
Books
 d - a book of Changes
Comestibles
 a - a bread ration

Dungeon Overview and Level Annotations

Branches:
Dungeon (2/15)

Altars:

##.......≈≈§≈§.§§≈≈≈#..# #.#
####§≈≈≈≈§≈§.......#..####.#
≈≈≈≈≈≈≈≈...((.............#####
##########......................#
................###....########..
###############.# #.##.# #.#
#........##.# #.##.# #.#
##########.##.###.#..# #.# #
#..........[..@Sw>#.### #.#
###.###.####.##.###.#.#.#######.#
#...# #.# #.##.....#.#..........
#.### #.# #.##.##..#.#.#######.#
#.# #.# #.##.##..#.#.# #.. ..#
#.# #........#.#.# ### ..# #.#
####.###.#.#.# #.#
#.#######.##......# #.#
#.........##..#.#.#


You could see a worm and an adder.


Message History

Unknown command.
Unknown command.
Unknown command.
Unknown command.
Unknown command.
Unknown command.
The adder bites you but does no damage.
* * * LOW HITPOINT WARNING * * *
You feel sick. The adder bites you.
* * * LOW HITPOINT WARNING * * *
Drink which item? (? for menu, Esc to quit)
You feel better.
It was a potion of curing.
The adder barely misses you.
You grow a pair of large bovine horns.
The adder bites you.
* * * LOW HITPOINT WARNING * * *
You are poisoned.
The adder poisons you!
You hit the adder but do no damage. You claw the adder, but do no damage.
* * * LOW HITPOINT WARNING * * *
You feel sick. The adder closely misses you. The adder bites you.
* * * LOW HITPOINT WARNING * * *
Unknown command.
You completely miss the adder. The adder completely misses you.
You hit the adder.
The adder is moderately wounded.
The adder closely misses you.
Unknown command.
You hit the adder but do no damage.
The adder is moderately wounded.
You die...

Action                   || total
-------------------------++-------
Melee: Unarmed           ||    68
 Cast: Beastly Appendage ||    15
  Use: Potion            ||     1
  Eat: Chunk             ||     2

Vault maps used:
D:1:      dpeg_arrival_chase
D:2:      corexii_item_surrounded_by_moat, minmay_fountain_box,
          nicolae_dithmenos_through_a_glass_darkly

Notes
Turn   | Place    | Note
--------------------------------------------------------------
     0 | D:1      | RobertPalmer, the Demonspawn Transmuter, began the quest for the Orb.
     0 | D:1      | Reached XP level 1. HP: 15/15 MP: 3/3
   116 | D:1      | HP: 1/15 [hobgoblin (5)]
   251 | D:1      | Reached skill level 3 in Unarmed Combat
   547 | D:1      | Mutation became permanent: You have claws for feet. [demonic ancestry]
   547 | D:1      | Reached XP level 2. HP: 21/21 MP: 2/4
  1385 | D:1      | HP: 2/21 [adder (1)]
  1391 | D:1      | Succumbed to an adder's poison

Vanquished Creatures
  3 goblins (D:1)
  2 hobgoblins (D:1)
  4 kobolds (D:1)
  2 bats (D:1)
  3 giant cockroaches (D:1)
  5 giant newts (D:1)
  3 rats (D:1)
22 creatures vanquished.
